 Dungeon Crawl Stone Soup version 0.25.1-2-g60ff931df9 (webtiles) character file.

Game seed: 16743860576467088639

151 funkygono the Shooter (level 5, 0/45 HPs)
             Began as a Hill Orc Hunter on Oct 26, 2020.
             Killed from afar by Ijyb (3 damage)
             ... with a puff of flame
             ... on level 3 of the Dungeon.
             The game lasted 00:07:16 (2790 turns).

funkygono the Shooter (Hill Orc Hunter)             Turns: 2790, Time: 00:07:16

Health: 0/45       AC:  5    Str: 19 (22) XL:     5   Next: 33%
Magic:  5/5        EV: 11    Int:  8 (11) God:
Gold:   141        SH:  0    Dex:  8 (11) Spells: 4/4 levels left

rFire    . . .     SeeInvis .   b - +1 shortbow
rCold    . . .     Gourm    .   (shield currently unavailable)
rNeg     . . .     Faith    .   n - +0 ring mail
rPois    .         Spirit   .   (no helmet)
rElec    .         Reflect  .   (no cloak)
rCorr    .         Harm     .   (no gloves)
MR       .....                  (no boots)
Stlth    +.........             (no amulet)
HPRegen  0.15/turn              i - +6 ring of strength
MPRegen  0.09/turn              (no ring)

@: no status effects
A: no striking features
a: no special abilities


You were on level 3 of the Dungeon.
You were not hungry.

You visited 1 branch of the dungeon, and saw 3 of its levels.

You collected 141 gold pieces.

Inventory:

Hand Weapons
 a - a +0 hand axe
 b - a +1 shortbow (weapon)
 g - a +0 short sword
Missiles
 d - 12 arrows (quivered)
Armour
 c - a +0 leather armour
 n - a +0 ring mail (worn)
Jewellery
 i - a +6 ring of strength (left hand)
 l - a +6 ring of strength
 o - an uncursed amulet of regeneration {unknown}
Scrolls
 e - 2 scrolls of identify
Potions
 k - a potion of flight
 m - 2 potions of stabbing
 q - a potion of haste
Comestibles
 f - 5 rations
 h - 4 chunks of flesh


   Skills:
 + Level 3.1 Fighting
 + Level 0.3 Short Blades
 + Level 1.2 Axes
 + Level 5.0 Bows
 + Level 2.0 Armour
 + Level 1.8 Dodging
 - Level 0.7 Stealth


You had 4 spell levels left.
You didn't know any spells.
Your spell library was empty.

Dungeon Overview and Level Annotations

Branches:
Dungeon (3/15)

Altars:
Cheibriados
Fedhas

Annotations:
D:2 exclusion: oklob plant
D:3 Ijyb


Message History

There was something very wrong with that liquid.
You feel weakened.
You feel dopey.
You feel clumsy. Ijyb hits you with a +0 dagger.
* * * LOW HITPOINT WARNING * * *
You feel better. Ijyb barely misses you.
Ijyb zaps a wand.
The puff of flame hits you.
* * * LOW HITPOINT WARNING * * *
Firing (i - inventory)
d - 14 arrows (quivered)
Press: ? - help, Shift-Dir - straight line, f/p - Ijyb
Aim: Ijyb, wielding a +0 dagger, wearing a +3 leather armour of cold resistance and carrying a wand of flame (4) (severely wounded)
You shoot an arrow. The arrow closely misses Ijyb.
Ijyb zaps a wand.
The puff of flame hits you!
* * * LOW HITPOINT WARNING * * *
Firing (i - inventory)
d - 13 arrows (quivered)
Press: ? - help, Shift-Dir - straight line, f/p - Ijyb
Aim: Ijyb, wielding a +0 dagger, wearing a +3 leather armour of cold resistance and carrying a wand of flame (3) (severely wounded)
You shoot an arrow. The arrow hits Ijyb but does no damage.
Ijyb is severely wounded.
Ijyb zaps a wand.
The puff of flame hits you.
You die...

> . .########### # (#(...((...#
########### (#.#######.#
#.......... (#.##### #.#
#.......... .g.....# #.#
#.......... .......# #.#
#..........
.......###.###.......... .. ###
.........(....g.@..........# #..
.......###.#.###########.#.####.#
########'........................
.# #...###..########.####.####.#
.####.#.#....#.............###...
....÷...#.#..##..................
.####.###....####.#..............
.# #.# #...^...#.....####.####..
.# #.# #....#..#.......##÷####..


You could see Ijyb.

Vanquished Creatures
  Jessica (D:3)
  Terence (D:3)
  A worker ant (D:3)
  An adder (D:2)
  A dart slug (D:3)
  3 ball pythons (D:1)
  6 bats
  3 giant cockroaches (D:1)
  10 goblins
  9 hobgoblins
  5 jackals
  4 kobolds
  4 frilled lizards
  11 rats
  A fungus (D:2)
  2 plants (D:2)
63 creatures vanquished.

Notes
Turn   | Place    | Note
-------+----------+-------------------------------------------
     0 | D:1      | funkygono the Hill Orc Hunter began the quest for the Orb.
     0 | D:1      | Reached XP level 1. HP: 18/18 MP: 1/1
    50 | D:1      | Reached XP level 2. HP: 25/25 MP: 2/2
    91 | D:1      | Reached skill level 4 in Bows
   580 | D:1      | Reached XP level 3. HP: 30/30 MP: 3/3
  1164 | D:2      | Reached skill level 1 in Armour
  1315 | D:2      | Found a blossoming altar of Fedhas.
  1334 | D:2      | Noticed an oklob plant
  1747 | D:2      | Reached XP level 4. HP: 37/37 MP: 4/4
  2093 | D:3      | Noticed Jessica
  2096 | D:3      | Killed Jessica
  2200 | D:3      | Noticed Terence
  2262 | D:3      | Killed Terence
  2262 | D:3      | Reached skill level 1 in Axes
  2262 | D:3      | Reached XP level 5. HP: 9/45 MP: 5/5
  2642 | D:3      | Reached skill level 5 in Bows
  2740 | D:3      | Found a snail-covered altar of Cheibriados.
  2744 | D:3      | Noticed Ijyb
  2790 | D:3      | Killed from afar by Ijyb

Illustrated notes

Levels and vault maps discovered:
D:1:      sevenhm_arrival_forest_fort_large_4, layout_rooms, serial_forest,
          infiniplex_forest_clump_long, infiniplex_forest_lined_3,
          infiniplex_forest_straight_3, infiniplex_forest_lined_2,
          infiniplex_forest_straight_4, infiniplex_forest_lined_3_way,
          infiniplex_forest_lined_room_2
D:2:      layout_basic, tgw_fedhas
D:3:      layout_basic, cheibriados_altar_1, nicolae_overflow_crystal_walls,
          first_ration, roderic_st_hans_cross, uniq_terence, uniq_jessica,
          uniq_crazy_yiuf_cottage, uniq_ijyb

Skill      XL: |  1  2  3  4  5 |
---------------+----------------+-----
Bows           | 4 5 |  5.0
Armour         | 1 2 |  2.0
Fighting       | 3 |  3.1
Axes           | 1 |  1.2
Short Blades   | |  0.3
Dodging        | |  1.8
Stealth        | |  0.7

Action                   |  1- 3 |  4- 6 || total
-------------------------+-------+-------++-------
Melee: Short sword       |    19 |       ||    19
       Hand axe          |    92 |    49 ||   141
 Fire: Shortbow          |    74 |    52 ||   126
  Use: Scroll            |     4 |     3 ||     7
       Potion            |       |     3 ||     3
  Eat: Chunk             |     3 |     3 ||     6
Armor: Leather armour    |    20 |     3 ||    23
       Ring mail         |       |     9 ||     9
Dodge: Dodged            |    37 |    32 ||    69
